 Dungeon Crawl Stone Soup version bcrawl-1.21.3-2-g9d8a61a446 (webtiles) character file.

Game seed: 8313997382714916397

41 funkygono the Sneak (level 3, -3/31 HPs)
             Began as a Gnoll Sloth Apostle on Apr 25, 2020.
             Was an Initiate of Cheibriados.
             Slain by a worm (9 damage)
             ... on level 2 of the Dungeon.
             The game lasted 00:04:02 (1510 turns).

funkygono the Sneak (Gnoll Sloth Apostle)           Turns: 1510, Time: 00:04:03

Health: -3/31      AC:  2    Str: 16    XL:     3   Next: 52%
Magic:  7/7        EV:  9    Int: 15    God:    Cheibriados [......]
Gold:   94         SH:  9    Dex: 15    Spells: 6/7 levels left

rFire    + . .     SeeInvis .   a - +0 mace
rCold    + . .     Gourm    .   c - +0 medium shield
rNeg     + . .     Faith    .   b - +0 robe
rPois    +         Spirit   .   (no helmet)
rElec    .         Reflect  .   m - scarf {rC+ rF+}
rCorr    .         Harm     .   (no gloves)
MR       .....                  (no boots)
Stlth    +++.......             q - amulet of inaccuracy (curse)
HPRegen  0.10/turn              i - ring of positive energy
MPRegen  0.10/turn              l - ring of poison resistance

@: very slow
A: distributed training, fangs 1, strong nose
a: Bend Time, Renounce Religion


You were on level 2 of the Dungeon.
You worshipped Cheibriados.
Cheibriados was noncommittal.
You were not hungry.

You visited 1 branch of the dungeon, and saw 2 of its levels.

You collected 94 gold pieces.

Inventory:

Hand Weapons
 a - a +0 mace (weapon)
 h - a +0 whip of distortion
Missiles
 p - 639 stones (quivered)
Armour
 b - a +0 robe (worn)
 c - a +0 medium shield (worn)
 m - a scarf of resistance (worn)
Jewellery
 i - a ring of positive energy (left hand)
 k - an uncursed ring of fire
 l - a ring of poison resistance (right hand)
 q - a cursed amulet of inaccuracy (around neck)
Wands
 d - a wand of paralysis (10)
Scrolls
 g - a scroll of identify
Potions
 f - a potion of flight {unknown}
Comestibles
 e - a ration {!d}


   Skills:
 + Level 4.5 Fighting
 + Level 0.8 Short Blades
 + Level 0.8 Long Blades
 + Level 0.8 Axes
 + Level 4.5 Maces & Flails
 + Level 0.8 Polearms
 + Level 0.8 Staves
 + Level 0.8 Slings
 + Level 0.8 Bows
 + Level 0.8 Crossbows
 + Level 0.8 Throwing
 + Level 0.8 Armour
 + Level 0.8 Dodging
 + Level 6.5 Stealth
 + Level 4.5 Shields
 + Level 0.8 Unarmed Combat
 + Level 2.8 Spellcasting
 + Level 0.5 Conjurations
 + Level 2.1 Hexes
 + Level 0.5 Charms
 + Level 0.5 Summonings
 + Level 0.5 Necromancy
 + Level 0.5 Translocations
 + Level 0.5 Transmutations
 + Level 0.5 Fire Magic
 + Level 0.5 Ice Magic
 + Level 0.5 Air Magic
 + Level 0.5 Earth Magic
 + Level 0.5 Poison Magic
 + Level 1.0 Invocations
 + Level 2.6 Evocations


You had 6 spell levels left.
You knew the following spells:

 Your Spells              Type           Power        Failure   Level  Hunger
a - Slow                  Hex            #.......     32%         1    #......
Your spell library was empty.

Dungeon Overview and Level Annotations

Branches:
Dungeon (2/12)

Altars:


Innate Abilities, Weirdness & Mutations

Your experience applies equally to all skills.
You have very sharp teeth.
Your uncanny sense of smell can sniff out nearby items.


Message History

You closely miss the worm. The worm bites you.
You completely miss the worm. The worm barely misses you.
You closely miss the worm. You bite the worm.
The worm is lightly wounded.
You closely miss the worm. You bite the worm, but do no damage.
The worm is lightly wounded.
The worm bites you.
You hit the worm. You bite the worm.
The worm is moderately wounded.
The worm barely misses you.
Your shield prevents you from hitting the worm.
The worm is moderately wounded.
The worm bites you.
* * * LOW HITPOINT WARNING * * *
You closely miss the worm. You bite the worm.
The worm is moderately wounded.
You hit the worm.
The worm is moderately wounded.
The worm bites you!
You die...

###### ##)...##
#####..##..##
...##.####..# ####
##....#####.# ##....
###.....##.#####..?#
#..###....#....w#
#.## ###......@# #.
#.<..##.......... #.
#..#########......
#. #.# ...... .. ...
..b>. #.... .....
.## .... .# ##.# .#


You could see a worm and a bat (sleeping).

Vanquished Creatures
  An ooze (D:1)
  A dart slug (D:1)
  An orc (D:2)
  2 giant cockroaches
  A goblin (D:1)
  5 hobgoblins (D:1)
  7 jackals (D:1)
  5 kobolds
  4 bats (D:1)
  A frilled lizard (D:1)
  2 rats (D:1)
30 creatures vanquished.

Notes
Turn   | Place    | Note
-------+----------+-------------------------------------------
     0 | D:1      | funkygono the Gnoll Sloth Apostle began the quest for the
                  | Orb.
     0 | D:1      | Reached XP level 1. HP: 20/20 MP: 4/4
    41 | D:1      | Reached XP level 2. HP: 14/26 MP: 1/5
   857 | D:1      | Reached XP level 3. HP: 30/31 MP: 1/7
  1501 | D:2      | Reached skill level 1 in Invocations
  1510 | D:2      | Slain by a worm

Skill      XL: |  1  2  3 |
---------------+----------+-----
Hexes          | 2 |  2.1
Invocations    | 1 |  1.0
Fighting       | |  4.5
Short Blades   | |  0.8
Long Blades    | |  0.8
Axes           | |  0.8
Maces & Flails | |  4.5
Polearms       | |  0.8
Staves         | |  0.8
Slings         | |  0.8
Bows           | |  0.8
Crossbows      | |  0.8
Throwing       | |  0.8
Armour         | |  0.8
Dodging        | |  0.8
Stealth        | |  6.5
Shields        | |  4.5
Unarmed Combat | |  0.8
Spellcasting   | |  2.8
Conjurations   | |  0.5
Charms         | |  0.5
Summonings     | |  0.5
Necromancy     | |  0.5
Translocations | |  0.5
Transmutations | |  0.5
Fire Magic     | |  0.5
Ice Magic      | |  0.5
Air Magic      | |  0.5
Earth Magic    | |  0.5
Poison Magic   | |  0.5
Evocations     | |  2.6

Action                   || total
-------------------------++-------
Melee: Mace              ||   105
       Bite              ||    13
 Cast: Slow              ||    31
  Use: Scroll            ||     3
 Stab: Sleeping          ||     3
  Eat: Chunk             ||     2
       Ration            ||     1
Armor: Robe              ||    22
Dodge: Dodged            ||    41
Block: Medium shield     ||    55
